 Dungeon Sprint DCSS version 0.29.1-15-g9cfb28693d (webtiles) character file.

Game seed: 3527633336566964186

6433 Groucho the Covert (level 10, -28/53 HPs)
             Began as a Spriggan Earth Elementalist on Apr 26, 2023.
             Was the Champion of Dithmenos.
             Killed from afar by Aizul (41 damage)
             ... with a bolt of poison
             ... in the Dungeon (Sprint VII: "The Pits").
             The game lasted 00:11:09 (6145 turns).

Groucho the Covert (Spriggan Earth Elementalist)    Turns: 6145, Time: 00:11:09

Health: -28/53     AC:  6    Str:  8    XL:     10   Next: 67%
Magic:  1/26       EV: 24    Int: 21    God:    Dithmenos [******]
Gold:   0          SH:  0    Dex: 15    Spells: 27/31 levels left

rFire   . . .      SeeInvis +   h - +2 dagger
rCold   . . .      Faith    .   (no shield)
rNeg    . . .      Spirit   .   a - +0 robe
rPois   .          Reflect  .   (helmet restricted)
rElec   .          Harm     .   r - +0 cloak
rCorr   .          Rampage  .   (gloves unavailable)
Will    +....      NoTele   +   (boots unavailable) Stlth *+++++++++
                                (no amulet)
HPRegen 0.17/turn               m - +3 ring of intelligence
MPRegen 0.20/turn               n - +3 ring of protection

@: lethally poisoned (-28 -> -44), wreathed by umbra, very quick
A: very small, no large weapons, unfitting armour, see invisible, speed 3
a: Renounce Religion, Shadow Step, Shadow Form


You were in the Dungeon.
You worshipped Dithmenos.
Dithmenos was exalted by your worship.
You visited 1 branch

Inventory:

Hand Weapons
 h - a +2 dagger (weapon)
 q - a +2 rapier of electrocution
Missiles
 l - 10 stones
Armour
 a - a +0 robe (worn)
 g - +0 steam dragon scales
 r - a +0 cloak (worn)
Jewellery
 m - a +3 ring of intelligence (left hand)
 n - a +3 ring of protection (right hand)
Scrolls
 j - 5 scrolls of amnesia
 k - a scroll of summoning
Potions
 b - 5 potions of magic
 c - 4 potions of curing
 d - 9 potions of heal wounds
 e - 3 potions of haste
 f - 4 potions of berserk rage
 i - 2 potions of invisibility
 o - a potion of might
 p - 3 potions of mutation


   Skills:
 + Level 6.8 Fighting
 * Level 10.7 Short Blades
 + Level 12.2 Dodging
 - Level 14.0 Stealth
 + Level 11.4 Spellcasting
 + Level 8.3 Conjurations
 - Level 1.3 Transmutations
 + Level 10.9 Earth Magic
 + Level 4.9 Invocations


You had 27 spell levels left.
You knew the following spells:

 Your Spells              Type           Power      Damage    Failure   Level
a - Sandblast             Erth           100%       2d20      1%          1
b - Stone Arrow           Conj/Erth      100%       3d13      1%          3

Your spell library contained the following spells:

 Spells                   Type           Power      Damage    Failure   Level
 Passwall                 Tmut/Erth      30%        N/A       1%          2
 Petrify                  Tmut/Erth      37%        N/A       4%          4


Dungeon Overview and Level Annotations

Branches:
Dungeon (1/1)

Altars:
Ashenzari
Cheibriados
Dithmenos
Elyvilon
Fedhas
Gozag
Hepliaklqana
Kikubaaqudgha
Makhleb
Nemelex Xobeh
Okawaru
Qazlal
Ru
Sif Muna
Trog
Uskayaw
Vehumet
Wu Jian
Xom
Yredelemnul
Zin
The Shining One
Jiyva
Lugonu

Annotations:
D Aizul


Innate Abilities, Weirdness & Mutations

You are very small and have problems with some larger weapons.
You are too small for most types of armour.
You have supernaturally acute eyesight. (SInv)
You cover ground extremely quickly. (Speed+++)


Message History

The poison arrow hits you!
You are poisoned.
Aizul coils herself and waves her upper body at you.
The poison arrow hits you!!
You are lethally poisoned!
Ouch! That really hurt!
* * * LOW HITPOINT WARNING * * *
You emit a cloud of dark smoke.
You feel better.
Unknown command.
Unknown command.
Casting: Stone Arrow (safe; 1% risk of failure)
Confirm with . or Enter, or press ? or * to list all spells.
Aiming: Stone Arrow (safe; 1% risk of failure)
Press: ? - help, Shift-Dir - straight line, f/p - Aizul
Aim: Aizul (black smoke, moderately wounded, umbra, 55% to hit)
The stone arrow hits Aizul!!
Aizul is heavily wounded.
Aizul casts a spell at you. The bolt of poison misses you.
Unknown command.
Unknown command.
Casting: Stone Arrow (safe; 1% risk of failure)
Confirm with . or Enter, or press ? or * to list all spells.
Aiming: Stone Arrow (safe; 1% risk of failure)
Press: ? - help, Shift-Dir - straight line, f/p - Aizul
Aim: Aizul (black smoke, heavily wounded, umbra, 55% to hit)
The stone arrow misses Aizul.
Aizul hits you but does no damage.
Unknown command.
Unknown command.
Unknown command.
Aizul screams, "I'll haunt your nightmares!"
Aizul hits you but does no damage. Aizul hits you!
* * * LOW HITPOINT WARNING * * *
There is an open door, spattered with blood here.
Items here: ( )) [[ †.
Aizul coils herself and waves her upper body at you.
The bolt of poison hits you!!!
You are lethally poisoned!
Ouch! That really hurt!
You die...

[##.......##...##...##.. #...###
###...<...###...##'##..###...'.##
.##.......# ##.........†##...#..#
.##.......###..###'###...##'##...
###.......##..##.....##..#...#...
.###########..'...§...z..'...'...
############..##..§..##..#...#.T.
#....#..[.###..###)###...##'##...
#....#..[[# ##..@§§§§...##...#..#
'....'..))# #...##S##..###...ST##
#....#...)##...##§§§##..##...###
#....#..))##..###§§§###..'...#
############## ##### ########


You could see Aizul and a wight (wandering).

Vanquished Creatures
  A death yak (D)
  A shadow wraith (D)
  A flayed ghost (D)
  A lindwurm (D)
  A cyclops (D)
  A rime drake (D)
  2 unseen horrors (D)
  A komodo dragon (D)
  A freezing wraith (D)
  2 hellwings (D)
  A troll (D)
  A jumping spider (D)
  A fire bat (D)
  2 steam dragons (D)
  An acid dragon (D)
  An ice beast (D)
  A floating eye (D)
  An ogre (D)
  5 wolves (D)
  A kobold brigand (D)
  A necrophage (D)
  A bullfrog (D)
  2 scorpions (D)
  3 wights (D)
  2 crimson imps (D)
  An iron imp (D)
  An orc wizard (D)
  A hell rat (D)
  A river rat (D)
  A white imp (D)
  An ufetubus (D)
  4 orcs (D)
  A ball python (D)
  2 bat skeletons (D)
  2 endoplasms (D)
  A giant cockroach (D)
  A jackal (D)
  A kobold (D)
  3 rats (D)
57 creatures vanquished.

Notes
Turn   | Place    | Note
-------+----------+-------------------------------------------
     0 | D        | Groucho the Spriggan Earth Elementalist began the quest for
                  | the Orb.
     0 | D        | Reached XP level 1. HP: 9/9 MP: 5/5
    40 | D        | Found a bloodstained altar of Trog.
    40 | D        | Found a shimmering blue altar of Sif Muna.
    40 | D        | Found a viscous altar of Jiyva.
    40 | D        | Found a hazy altar of Hepliaklqana.
    40 | D        | Found an opulent altar of Gozag.
    41 | D        | Found a glowing golden altar of the Shining One.
    41 | D        | Found a glowing silver altar of Zin.
    41 | D        | Found a basalt altar of Yredelemnul.
    41 | D        | Found a shimmering altar of Xom.
    41 | D        | Found an ornate altar of the Wu Jian Council.
    41 | D        | Found a sacrificial altar of Ru.
    41 | D        | Found a stormy altar of Qazlal.
    41 | D        | Found an iron altar of Okawaru.
    41 | D        | Found a sparkling altar of Nemelex Xobeh.
    41 | D        | Found a burning altar of Makhleb.
    41 | D        | Found a blossoming altar of Fedhas.
    41 | D        | Found a white marble altar of Elyvilon.
    41 | D        | Found a shadowy altar of Dithmenos.
    41 | D        | Found a snail-covered altar of Cheibriados.
    43 | D        | Found a radiant altar of Vehumet.
    43 | D        | Found a corrupted altar of Lugonu.
    44 | D        | Found a hide-covered altar of Uskayaw.
    44 | D        | Found an ancient bone altar of Kikubaaqudgha.
    44 | D        | Found a broken altar of Ashenzari.
    57 | D        | Became a worshipper of Dithmenos the Shadowed
    73 | D        | Reached skill level 4 in Stealth
    74 | D        | Reached XP level 2. HP: 13/13 MP: 2/7
   511 | D        | Reached * piety under Dithmenos
   711 | D        | Reached ** piety under Dithmenos
  1122 | D        | Noticed a scorpion
  1183 | D        | Killed a scorpion
  1184 | D        | Reached skill level 5 in Dodging
  1184 | D        | Reached skill level 6 in Stealth
  1184 | D        | Reached skill level 5 in Spellcasting
  1184 | D        | Reached XP level 3. HP: 16/16 MP: 0/10
  1184 | D        | Reached XP level 4. HP: 21/21 MP: 0/12
  1503 | D        | Learned a level 3 spell: Stone Arrow
  1508 | D        | Noticed a necrophage
  1527 | D        | Killed a necrophage
  1528 | D        | Reached skill level 1 in Fighting
  1528 | D        | Reached skill level 1 in Short Blades
  1528 | D        | Reached skill level 8 in Stealth
  1528 | D        | Reached skill level 1 in Conjurations
  1528 | D        | Reached skill level 5 in Earth Magic
  1758 | D        | Noticed an ogre
  1770 | D        | Reached *** piety under Dithmenos
  1771 | D        | Reached XP level 5. HP: 25/25 MP: 12/14
  1791 | D        | Killed an ogre
  1792 | D        | Reached skill level 9 in Stealth
  1813 | D        | Noticed a floating eye
  1825 | D        | Reached **** piety under Dithmenos
  1841 | D        | Killed a floating eye
  1842 | D        | Reached skill level 10 in Stealth
  1842 | D        | Reached XP level 6. HP: 32/32 MP: 3/16
  3077 | D        | Noticed a komodo dragon
  3079 | D        | Killed a komodo dragon
  3080 | D        | Reached skill level 11 in Stealth
  3080 | D        | Reached XP level 7. HP: 36/36 MP: 19/19
  3081 | D        | Noticed a fire bat
  3085 | D        | Killed a fire bat
  3085 | D        | Reached ***** piety under Dithmenos
  3086 | D        | Reached skill level 12 in Stealth
  3088 | D        | Reached skill level 5 in Conjurations
  3101 | D        | Noticed a death yak
  3651 | D        | Reached skill level 5 in Short Blades
  3832 | D        | Killed a death yak
  3833 | D        | Reached skill level 13 in Stealth
  3833 | D        | Reached XP level 8. HP: 23/42 MP: 0/21
  4387 | D        | Noticed a flayed ghost
  4390 | D        | Killed a flayed ghost
  4391 | D        | Reached skill level 14 in Stealth
  4391 | D        | Noticed a hellwing
  4392 | D        | Reached XP level 9. HP: 46/46 MP: 21/23
  4824 | D        | Reached ****** piety under Dithmenos
  4827 | D        | Reached skill level 5 in Fighting
  4827 | D        | Reached skill level 10 in Dodging
  4878 | D        | Noticed an unseen horror
  4884 | D        | Killed an unseen horror
  5231 | D        | Noticed a red devil
  5231 | D        | Noticed a harpy
  5231 | D        | Noticed an eidolon
  5255 | D        | Noticed an unseen horror
  5264 | D        | Killed an unseen horror
  5265 | D        | Reached skill level 10 in Earth Magic
  5265 | D        | Reached skill level 1 in Invocations
  5404 | D        | Killed a hellwing
  5775 | D        | Noticed a lindwurm
  5779 | D        | Reached skill level 10 in Spellcasting
  5782 | D        | Noticed a freezing wraith
  5784 | D        | Noticed a rime drake
  5785 | D        | Killed a freezing wraith
  5789 | D        | Noticed a shadow wraith
  5790 | D        | Noticed Aizul
  5792 | D        | Killed a shadow wraith
  5793 | D        | Reached XP level 10. HP: 41/53 MP: 13/25
  5796 | D        | Noticed a cyclops
  5818 | D        | Killed a lindwurm
  5819 | D        | Reached skill level 10 in Short Blades
  6131 | D        | Killed a cyclops
  6145 | D        | Killed from afar by Aizul

Illustrated notes

Levels and vault maps discovered:
D:        pitsprint [storerooms_1, entrance_room_1, metal_vault_5, armoury_1,
          mini_pit_1, grid_room_1, main_hall_1, silver_pit, the_coven_3,
          the_vestibule_1, steel_vault_3, golden_pit, hallway_of_sentries,
          crystal_vault_6, iron_vault_4, final_vault]

Skill      XL: |  1  2  3  4  5  6  7  8  9 10 |
---------------+-------------------------------+-----
Dodging        | 3 5 6 7 8 9 11 12 | 12.2
Spellcasting   | 3 5 6 7 8 9 10 11 | 11.4
Stealth        | 4 6 8 10 11 13 14 | 14.0
Earth Magic    | 3 4 5 6 7 8 9 10 | 10.9
Fighting       | 1 2 3 4 6 |  6.8
Short Blades   | 1 3 4 5 6 9 10 | 10.7
Conjurations   | 1 3 4 5 6 7 8 |  8.3
Invocations    | 3 4 |  4.9
Transmutations | |  1.3

Action                   |  1- 3 |  4- 6 |  7- 9 | 10-12 || total
-------------------------+-------+-------+-------+-------++-------
Melee: Dagger            |     5 |    39 |    16 |     7 ||    67
 Cast: Sandblast         |    27 |    28 |    35 |       ||    90
       Stone Arrow       |       |     1 |    32 |    12 ||    45
Invok: Shadow Step       |       |       |     4 |     2 ||     6
  Use: Potion            |       |       |     1 |     2 ||     3
       Scroll            |       |       |       |     1 ||     1
 Stab: Sleeping          |       |     1 |    11 |     7 ||    19
Armor: Robe              |     3 |       |     5 |     2 ||    10
Dodge: Dodged            |    28 |    33 |    28 |     1 ||    90
